Map: Honorgrounds LE

Players

Musumeci

  • Race: Zerg Zerg
  • League: Diamond
  • Spawn Location: 11:00

DarkStar - Winner!

  • Race: Zerg Zerg
  • League: Diamond
  • Spawn Location: 7:00

VOD

Have the link to the VOD?

Description

Time

  • Played on: Feb. 8, 2017, 12:25 p.m.
  • Length: 11:31
Show
View Real Time Build Order
Export as new Build Order

Musumeci Zerg 

Build Orders: Pool First, Zergling Baneling 

Get SALT Encoding   

  12  0:07  Drone  
  12  0:09  Drone  
  14  0:18  Overlord  
  14  0:27  Extractor  
  14  0:28  Drone  
  15  0:37  Drone  
  15  0:39  Drone  
  17  0:51  Spawning Pool  
  16  0:58  Extractor  
  15  1:16  Hatchery  
  14  1:38  Zergling x6  
  17  1:52  Zergling x2  
  18  2:05  Drone  
  18  2:08  Queen  
  21  2:33  Zergling x8  
  21  2:36  Metabolic Boost  
  24  2:40  Baneling Nest  
  19  3:03  Zergling x10  
  24  3:17  Drone  
  24  3:18  Drone x2  
  27  3:24  Baneling x3  
  27  3:51  Overlord  
  27  4:03  Zergling x2  
  25  4:22  Baneling x2  
  25  4:23  Baneling x5  
  25  4:24  Zergling x4  
  25  4:25  Zergling x8  
  25  4:30  Evolution Chamber  
  22  5:05  Zergling x16  
  27  5:15  Zerg Melee Weapons Level 1  
  27  5:21  Drone  
  23  5:33  Drone x2  
  23  5:51  Baneling x2  
  22  6:08  Baneling x3  
  19  6:22  Zergling x8  
  19  6:23  Zergling x10  
  26  6:37  Zergling x6  
  24  7:18  Zergling x18  
  25  7:29  Drone  
  26  7:32  Queen  
  26  7:33  Drone  
  29  7:49  Drone x4  
  33  7:55  Baneling x3  
  30  8:15  Drone x6  
  36  8:25  Baneling x2  
  31  8:36  Drone  
  31  8:37  Drone x3  
  35  8:52  Zergling x2  
  35  8:55  Overlord  
  35  8:56  Overlord  
  35  9:10  Baneling  
  35  9:11  Baneling  
  35  9:16  Zergling x2  
  35  9:17  Zergling x10  
  41  9:26  Zergling x6  
  44  9:33  Spore Crawler  
  44  9:35  Spore Crawler  
  42  9:44  Spore Crawler x2  
  42  9:45  Spore Crawler  
  35  9:56  Spore Crawler  
  35  9:57  Queen  
  35  9:58  Spore Crawler  
  21  10:15  Zergling x4  
  21  10:16  Zergling x18  
  32  10:26  Spore Crawler  
  32  10:28  Drone  
  32  10:37  Unknown  
  26  10:52  Spore Crawler  
  26  10:55  Drone  
  26  10:56  Drone x3  
Show
View Real Time Build Order
Export as new Build Order

DarkStar Zerg - Winner!

Build Orders: Hatch First, Zergling Baneling 

Get SALT Encoding   

  12  0:01  Drone  
  13  0:13  Overlord  
  13  0:18  Drone  
  14  0:31  Drone x2  
  14  0:35  Drone  
  17  0:46  Drone  
  18  1:00  Hatchery  
  18  1:02  Drone  
  18  1:03  Extractor  
  17  1:08  Drone  
  18  1:23  Spawning Pool  
  17  1:27  Drone  
  18  1:33  Drone  
  19  1:42  Overlord  
  19  1:52  Drone  
  20  2:12  Zergling x4  
  20  2:13  Queen  
  20  2:14  Metabolic Boost  
  24  2:16  Queen  
  24  2:22  Drone  
  27  2:25  Zergling x4  
  28  2:33  Zergling x2  
  29  2:38  Zergling x2  
  29  2:42  Baneling Nest  
  28  3:07  Hatchery  
  27  3:16  Zergling x8  
  31  3:30  Zergling x2  
  31  3:31  Zergling x6  
  35  3:35  Overlord  
  35  3:38  Baneling  
  35  3:41  Baneling  
  35  3:42  Baneling  
  35  3:43  Baneling  
  35  3:50  Baneling x2  
  35  3:51  Baneling  
  35  4:05  Zergling x8  
  39  4:21  Zergling x6  
  41  4:24  Zergling x4  
  41  4:28  Baneling x2  
  41  4:48  Drone x4  
  41  4:49  Drone  
  38  5:02  Zergling x6  
  39  5:11  Drone x2  
  39  5:12  Drone x3  
  42  5:14  Baneling  
  42  5:15  Baneling  
  42  5:16  Baneling  
  42  5:23  Baneling x2  
  41  5:32  Zergling x6  
  41  5:33  Zergling x4  
  41  5:35  Baneling x3  
  45  5:42  Spine Crawler  
  44  5:43  Drone  
  42  6:09  Baneling x2  
  37  6:20  Drone x2  
  37  6:21  Drone x8  
  37  6:22  Drone x3  
  44  6:35  Zergling x6  
  47  6:41  Extractor  
  47  6:42  Lair, Extractor  
  47  6:45  Queen  
  47  6:46  Overlord, Extractor  
  46  6:50  Zergling x4  
  46  6:51  Zergling x2  
  49  7:00  Overlord  
  49  7:01  Overlord  
  49  7:09  Baneling x2  
  47  7:22  Drone  
  47  7:23  Drone x2  
  47  7:25  Drone x3  
  47  7:29  Queen  
  54  7:32  Extractor  
  54  7:33  Drone x3  
  54  7:34  Extractor  
  55  7:39  Drone x3  
  55  7:41  Drone x4, Spire  
  61  7:45  Zergling x4  
  61  7:48  Drone  
  64  7:51  Drone  
  64  7:52  Drone  
  64  8:20  Baneling x2  
  64  8:23  Zergling x4  
  64  8:25  Baneling x2, Zergling x4  
  64  8:26  Overlord x3  
  64  8:27  Overlord  
  65  8:37  Zergling x2  
  66  8:47  Spine Crawler  
  62  9:00  Mutalisk x3  
  62  9:01  Mutalisk x8  
  84  9:12  Pneumatized Carapace  
  84  9:13  Zerg Flyer Weapons Level 1  
  84  9:18  Drone x6  
  84  9:19  Drone x2  
  84  9:21  Overlord  
  92  9:26  Baneling x2  
  92  9:31  Mutalisk x2  
  96  9:39  Overseer  
  96  9:48  Mutalisk x3  
  96  9:50  Zergling x2  
  96  9:51  Zergling x6  
  106  10:03  Zergling x2  
  102  10:18  Mutalisk x2  
  102  10:20  Overlord x3  
  106  10:31  Baneling x2  
  106  10:32  Hatchery, Baneling  
  106  10:33  Hatchery  
  104  10:44  Zergling x2  
  103  10:55  Zergling x6  
  103  10:56  Zergling x6  
  100  11:13  Zergling x4  
Tags
 
Add a new tag
Caveats
  • Supply blocks, unpowered buildings, or Contaminate may cause inaccurate times.
  • Supply counts are checked every 10 seconds.